 Dungeon Crawl Stone Soup version 0.30-a0-719-gcc4359ea44 (webtiles) character file.

Game seed: 3105153123724338581

1814 Dirtsage the Changer (level 9, -7/53 HPs)
             Began as an Octopode Transmuter on Jan 26, 2023.
             Was an Initiate of the Shining One.
             Killed from afar by Maggie (28 damage)
             ... with a bolt of fire
             ... on level 6 of the Dungeon.
             The game lasted 00:17:11 (6565 turns).

Dirtsage the Changer (Octopode Transmuter)          Turns: 6565, Time: 00:17:12

Health: -7/53      AC:  1    Str: 10    XL:     9   Next: 10%
Magic:  12/12      EV: 13    Int: 19    God:    the Shining One [......]
Gold:   159        SH:  5    Dex: 12    Spells: 2/12 levels left

rFire   . . .      SeeInvis .      - Unarmed
rCold   . . .      Faith    .    (no shield)
rNeg    + . .      Spirit   .    (helmet restricted)
rPois   +          Reflect  +    v - amulet of reflection
rElec   .          Harm     .    P - ring of poison resistance
rCorr   .          Rampage  .    N - ring of positive energy
Will    .....                    (no ring)
Stlth   +                        (no ring)
HPRegen 0.28/turn                (no ring)
MPRegen 0.13/turn                (no ring)
                                 (no ring)
                                 (no ring)

@: glowing
A: almost no armour, amphibious, 8 rings, camouflage 1, gelatinous body 1,
(nimble swimmer 1), tentacles
a: Renounce Religion


You were on level 6 of the Dungeon.
You worshipped the Shining One.
The Shining One was noncommittal.
You visited 2 branches of the dungeon, and saw 8 of its levels.

You collected 285 gold pieces.
You spent 126 gold pieces at shops.

Inventory:

Missiles
 e - a throwing net
Magical Staves
 k - a staff of fire
 p - a staff of air
Jewellery
 v - an amulet of reflection (around mantle)
 N - a ring of positive energy (right tentacle)
 P - a ring of poison resistance (left tentacle)
Wands
 o - a wand of flame (3)
Scrolls
 f - a scroll of acquirement {unknown}
 g - a scroll of fear
 i - a scroll of identify
 j - a scroll of enchant armour
 m - a scroll of vulnerability
 n - 2 scrolls of magic mapping {unknown}
 t - 2 scrolls of teleportation
 B - a scroll of blinking
Potions
 a - a potion of lignification
 b - a potion of berserk rage {unknown}
 c - a potion of invisibility {unknown}
 d - 2 potions of might
 h - 2 potions of attraction {unknown}
 l - a potion of heal wounds
 q - 3 potions of curing
 r - a potion of brilliance {unknown}
 s - a potion of magic {unknown}
 u - a potion of cancellation {unknown}


   Skills:
 - Level 1.0 Fighting
 - Level 2.0 Dodging
 - Level 3.0 Unarmed Combat
 - Level 2.0 Spellcasting
 * Level 7.6 Transmutations
 + Level 5.3 Ice Magic
 * Level 6.7 Air Magic


You had 2 spell levels left.
You knew the following spells:

 Your Spells              Type           Power      Damage    Failure   Level
a - Beastly Appendage     Tmut           60%        N/A       1%          1
b - Wereblood             Tmut           30%        N/A       1%          2
c - Ice Form              Ice/Tmut       26%        N/A       12%         4
x - Mephitic Cloud        Conj/Pois/Air  10%        N/A       21%         3

Your spell library contained the following spells:

 Spells                   Type           Power      Damage    Failure   Level
 Shock                    Conj/Air       56%        1d6       4%          1
 Magic Dart               Conj           4%         1d3       17%         1
 Slow                     Hex            4%         N/A       17%         1
 Call Imp                 Summ           1%         N/A       26%         2
 Swiftness                Air            27%        N/A       3%          3
 Spider Form              Tmut/Pois      16%        N/A       11%         3
 Airstrike                Air            13%        2d(2-18)  11%         4
 Hailstorm                Conj/Ice       12%        3d5       17%         3
 Summon Lightning Spire   Summ/Air       14%        N/A       38%         4
 Confusing Touch          Hex            1%         N/A       45%         3
 Gell's Gravitas          Tloc           1%         N/A       45%         3
 Teleport Other           Tloc           1%         N/A       45%         3
 Vampiric Draining        Necr           1%         2d6       45%         3
 Summon Forest            Summ/Tloc      0%         N/A       99%         5
 Eringya's Noxious Bog    Tmut/Pois      8%         N/A       99%         6
 Dispersal                Tloc           0%         N/A       100%        6
 Simulacrum               Ice/Necr       6%         N/A       100%        6
 Storm Form               Tmut/Air       14%        N/A       100%        7
 Summon Hydra             Summ           0%         N/A       100%        7
 Maxwell's Capacitive Co  Air            13%        ∞         100%        8


Dungeon Overview and Level Annotations

Branches:
Dungeon (7/15)             Temple (1/1) D:6

Altars:
Fedhas
Gozag
Kikubaaqudgha
Nemelex Xobeh
Okawaru
Trog
Uskayaw
Vehumet
Wu Jian
The Shining One

Shops:
D:1 *   D:3 (

Annotations:
D:6 Maggie
D:7 Joseph


Innate Abilities, Weirdness & Mutations

You cannot wear most types of armour.
You are amphibious.
You can wear up to eight rings at the same time.
Your skin changes colour to match your surroundings (Stealth+).
Your rubbery body absorbs attacks. (AC +1, EV +1)
((You are camouflaged when in or above water. (Stealth+)))
You have tentacles for arms and can constrict up to eight enemies at once.


Message History

a +0 robe; a +1 spear You open the door.
There is an open door here.
There is an open door here.
v - an amulet of reflection You start putting on your amulet.
You continue putting on your amulet of reflection. x5
You finish putting on your amulet of reflection.
You feel a shielding aura gather around you.
v - an amulet of reflection (around mantle)
There is an open door here.
There is an open door here.
Done exploring.
Done exploring.
There is an open door here.
There is an open door here.
There is an open door here.
Things that are here:
a +0 robe; a +1 halberd
There is a stone staircase leading down here.
You climb downwards.
Joseph shouts!
Maggie shouts!
There is a stone staircase leading up here.
Joseph unwields a +1 quarterstaff of draining.
Joseph wields a +0 sling.
Joseph shoots a sling bullet.
The sling bullet hits you! Maggie hits you with a +0 broad axe!!
You climb upwards.
There is a stone staircase leading down here.
You take 32 damage, and have 21/53 hp.
MASSIVE DAMAGE!!
Casting: Wereblood (safe; 1% risk of failure)
Confirm with . or Enter, or press ? or * to list all spells.
The spell is quite dangerous to miscast (12% risk of failure)!
Continue anyway?
Okay, then.
Blink to where?
Press: ? - help, Dir - move target
As you read the scroll of blinking, it crumbles to dust.
Maggie casts a spell at you. The bolt of fire hits you!!
Ouch! That really hurt!
You die...

#......#..........#...
#......'..........#...
#......#..##'##.###...
#########'##.#########
#....#...............
#...>#...............
#....#.[.............
##'####[#############'
#....@.........###.#..
#..............#...#..
#..............#...#..
#..............#...#..
#..............##'##..
####'###+#.@..........
#..[....#§...........
#...[...#............
#.......#............


You could see Maggie.

Vanquished Creatures
  An ice beast (D:4)
  2 black bears
  3 centaurs
  A phantom (D:4)
  A necrophage (D:4)
  Blork the orc (D:6)
  A scorpion (D:5)
  5 wights (D:6)
  A hound (D:4)
  A gnoll bouda (D:5)
  5 orc priests
  A jelly (D:4)
  6 orc wizards
  5 iguanas
  11 gnolls
  5 adders
  An ufetubus (D:3)
  3 worms
  A dart slug (D:2)
  21 orcs
  6 bats
  4 endoplasms
  A giant cockroach (D:2)
  4 goblins
  8 hobgoblins
  8 jackals (D:1)
  2 quokkas
  7 ball pythons
  11 frilled lizards
  5 kobolds
  3 rats
135 creatures vanquished.

Vanquished Creatures (others)
  7 plants (D:6)
7 creatures vanquished.

Grand Total: 142 creatures vanquished

Notes
Turn   | Place    | Note
-------+----------+-------------------------------------------
     0 | D:1      | Dirtsage the Octopode Transmuter began the quest for the
                  | Orb.
     0 | D:1      | Reached XP level 1. HP: 13/13 MP: 3/3
    94 | D:1      | Reached skill level 1 in Ice Magic
    94 | D:1      | Reached XP level 2. HP: 13/18 MP: 5/5
   161 | D:1      | Learned a level 2 spell: Wereblood
   318 | D:1      | Found Dorhy's Assorted Antiques.
   448 | D:1      | Reached XP level 3. HP: 23/23 MP: 6/6
  1229 | D:2      | Reached skill level 3 in Transmutations
  1574 | D:2      | Reached XP level 4. HP: 28/28 MP: 3/7
  2067 | D:3      | Reached skill level 1 in Air Magic
  2072 | D:3      | Reached XP level 5. HP: 28/33 MP: 8/8
  2204 | D:3      | Learned a level 4 spell: Ice Form
  2290 | D:3      | Reached skill level 4 in Transmutations
  2501 | D:3      | You fall into a shaft and drop 3 floors!
  2579 | D:6      | Reached XP level 6. HP: 13/38 MP: 0/9
  3010 | D:5      | Entered Level 5 of the Dungeon
  3231 | D:4      | Noticed a black bear
  3296 | D:4      | Reached XP level 7. HP: 32/43 MP: 2/10
  3448 | D:4      | Reached skill level 5 in Transmutations
  3698 | D:3      | Found an iron altar of Okawaru.
  4136 | D:3      | Found Quoggij's Weapon Boutique.
  4281 | D:1      | Bought a scroll labelled RAIZEE IRUDUMU for 21 gold pieces
  4281 | D:1      | Bought a scroll labelled SIYFU OMOSSEO for 21 gold pieces
  4281 | D:1      | Bought a scroll of identify for 42 gold pieces
  4281 | D:1      | Bought a scroll labelled ECZANO RAUJAS for 21 gold pieces
  4281 | D:1      | Bought a scroll labelled WODOOCIONA for 21 gold pieces
  4844 | D:4      | Reached skill level 6 in Transmutations
  4844 | D:4      | Reached XP level 8. HP: 48/48 MP: 3/11
  4926 | D:5      | Reached skill level 5 in Air Magic
  5661 | D:6      | Reached skill level 7 in Transmutations
  5749 | D:6      | Noticed Blork the orc
  5759 | D:6      | Killed Blork the orc
  5760 | D:6      | Reached skill level 5 in Ice Magic
  5890 | D:6      | Found a staircase to the Ecumenical Temple.
  5896 | Temple   | Entered the Ecumenical Temple
  5924 | Temple   | Became a worshipper of the Shining One
  6230 | D:6      | Reached XP level 9. HP: 49/53 MP: 7/12
  6440 | D:6      | Learned a level 3 spell: Mephitic Cloud
  6562 | D:7      | Noticed Joseph
  6562 | D:7      | Noticed Maggie
  6565 | D:6      | Killed from afar by Maggie

Illustrated notes

Levels and vault maps discovered:
D:1:      dpeg_arrival_concentric_ovals, layout_basic, serial_shops, shop
D:2:      layout_basic
D:3:      layout_basic, mainiacjoe_overflow_paths, serial_shops,
          nicolae_shop_stone
D:4:      layout_rooms, nrook_loot_triangle
D:5:      layout_gridville, reono_crystal_passage
D:6:      layout_gridville, minmay_temple_entry_tees, minmay_lizard_king,
          uniq_blork_the_orc
D:7:      layout_loops_ring, mainiacjoe_overflow_chevrons,
          mainiacjoe_overflow_divided_tiny, uniq_joseph, uniq_maggie
Temple:   regret_index_temple_chain_breaker

Skill      XL: |  1  2  3  4  5  6  7  8 |
---------------+-------------------------+-----
Ice Magic      | 1 2 3 4 5 |  5.3
Transmutations | 3 4 6 7 |  7.6
Air Magic      | 1 2 3 4 6 |  6.7
Fighting       | |  1.0
Dodging        | |  2.0
Unarmed Combat | |  3.0
Spellcasting   | |  2.0

Action                     |  1- 3 |  4- 6 |  7- 9 || total
---------------------------+-------+-------+-------++-------
  Melee: Unarmed           |    84 |   103 |   186 ||   373
         Constrict         |    21 |    16 |     5 ||    42
         Kick              |    12 |    15 |       ||    27
         Tentacles         |    14 |     9 |     4 ||    27
         Punch             |     3 |     2 |       ||     5
   Cast: Beastly Appendage |     9 |     4 |       ||    13
         Wereblood         |     3 |     2 |     9 ||    14
         Ice Form          |       |     4 |    22 ||    26
  Evoke: Wand              |       |     1 |     1 ||     2
    Use: Potion            |       |     2 |     2 ||     4
         Scroll            |       |     2 |     7 ||     9
   Stab: Sleeping          |     2 |     1 |     2 ||     5
 Armour: Skin              |     6 |     7 |    70 ||    83
  Dodge: Dodged            |    46 |    34 |   121 ||   201

Table legend: (Time is in decaauts)
 A = Elapsed time spent in this place.
 B = Non-inter-level travel time spent in this place.
 C = Inter-level travel time spent in this place.
 D = Time resting spent in this place.
 E = Time spent auto-exploring this place.
 F = Levels seen in this place.
 G = Mean time per level.
                   A        B        C        D        E       F      G
               +--------+--------+--------+--------+--------+-----+--------+
         Total |   6546 |   6223 |    323 |    604 |   4470 |   8 |  818.2 |
       Dungeon |   6389 |   6080 |    309 |    494 |   4455 |   7 |  912.7 |
        Temple |    157 |    143 |     14 |    110 |     15 |   1 |  157.0 |
               +--------+--------+--------+--------+--------+-----+--------+

Top non-repeatable levels by time:
     D:6: 1324 daAuts
     D:1: 1313 daAuts
     D:3: 1185 daAuts
     D:4: 1017 daAuts
     D:2: 847 daAuts
     D:5: 700 daAuts
  Temple: 157 daAuts
     D:7: 1 daAuts
